 Dungeon Crawl Stone Soup version 0.19-a0-1886-gd64a0f0 (webtiles) character file.

121 wazuzu the Poker (level 5, -2/38 HPs)
             Began as a Merfolk Skald on Oct 16, 2016.
             Slain by Crazy Yiuf
             ... wielding a +4 quarterstaff of chaos
              (9 damage)
             ... on level 2 of the Dungeon.
             The game lasted 00:05:38 (3001 turns).

wazuzu the Poker (Merfolk Skald)                    Turns: 3001, Time: 00:05:38

Health: -2/38      AC: 13    Str: 13    XL:     5   Next: 5%
Magic:  8/8        EV:  3    Int: 11    God:
Gold:   107        SH:  0    Dex: 14    Spells: 1 memorised, 7 levels left

rFire  . . .     SeeInvis .     a - +0 spear
rCold  . . .     Gourm    .     p - +0 plate armour
rNeg   . . .     Faith    .     (no shield)
rPois  .         Spirit   .     (no helmet)
rElec  .         Dismiss  .     (no cloak)
rCorr  .         Reflect  .     m - +2 pair of gloves
MR     .....     Harm     .     (no boots)
Stlth  ..........               (no amulet)
                                (no ring)
                                (no ring)

@: no status effects
A: change form in water, swift swim, stealthy swim
a: no special abilities


You were on level 2 of the Dungeon.
You were hungry.

You visited 1 branch of the dungeon, and saw 2 of its levels.

You collected 107 gold pieces.

Inventory:

Hand Weapons
 a - a +0 spear (weapon)
Armour
 e - a +1 ring mail
 m - a +2 pair of gloves (worn)
 p - a +0 plate armour (worn)
Wands
 s - a wand of digging (12/24)
Scrolls
 h - a scroll of identify
 i - a scroll of teleportation {unknown}
 j - a scroll of magic mapping {unknown}
 k - a scroll of recharging {unknown}
 l - a scroll of remove curse {unknown}
 n - a scroll of enchant armour
 r - a scroll of fog {unknown}
Potions
 b - a potion of magic
Books
 c - a book of Battle

   Spells                             Type                      Level
   a - Infusion                       Charms                       1
   b - Shroud of Golubria             Charms/Translocation         2
   c - Song of Slaying                Charms                       2
   d - Spectral Weapon                Hexes/Charms                 3
   e - Regeneration                   Charms/Necromancy            3
Comestibles
 d - a bread ration
 f - 2 meat rations
 g - 4 fruits
 o - a beef jerky


   Skills:
 - Level 2.1 Fighting
 + Level 7.3 Polearms
 - Level 0.6 Armour
 - Level 1.3 Dodging
 - Level 2.0 Spellcasting
 - Level 3.2 Charms


You had 7 spell levels left.
You knew the following spells:

 Your Spells              Type           Power        Failure   Level  Hunger
a - Infusion              Chrm           #...         100%        1    ##.....


Dungeon Overview and Level Annotations

Branches:
Dungeon (2/15)

Altars:

Annotations:
D:2 Crazy Yiuf


Message History

Crazy Yiuf is moderately wounded.
Crazy Yiuf says, "Mama sanguine sallow!"
Crazy Yiuf hits you with a quarterstaff of chaos!
You are electrocuted!
Your plate armour prevents you from hitting Crazy Yiuf.
Crazy Yiuf is moderately wounded.
Crazy Yiuf hits you with a quarterstaff of chaos.
Crazy Yiuf draws strength from your wounds!
You hit Crazy Yiuf.
Crazy Yiuf is moderately wounded.
You hit Crazy Yiuf but do no damage.
Crazy Yiuf is moderately wounded.
Crazy Yiuf hits you with a quarterstaff of chaos.
* * * LOW HITPOINT WARNING * * *
Crazy Yiuf burns you.
* * * LOW HITPOINT WARNING * * *
You closely miss Crazy Yiuf.
Crazy Yiuf is moderately wounded.
Crazy Yiuf hits you but does no damage.
You are electrocuted!
You die...

..##
#....####..##
#(# #..#
#....# #....#
#(# ##.##
#....# ♣....♣
#.# #..#
#....# ♣...♣♣
#.# ##.#
#....# ♣♣.♣♣
#(#
###.###....#
♣!♣♣ #)#
.........#.#
♣♣.♣ #.#
###.######.#
♣.♣♣
#########.#
#.## #.# ♣♣@♣
#.........#
#..# #.# #g#
###########
##.## #.# ...
#..# #.#
#...# ##.##
#.# #..)#
#..# #.#
#####
##.###.#
#..##.#
##.##.#


You could see Crazy Yiuf.

Vanquished Creatures
  Natasha (thrice) (D:2)
  2 dart slugs
  3 giant cockroaches
  8 goblins
  6 hobgoblins
  A jackal (D:1)
  5 kobolds
  A quokka (D:2)
  5 bats
  3 frilled lizards
  5 rats
42 creatures vanquished.

Notes
Turn   | Place    | Note
-------+----------+-------------------------------------------
     0 | D:1      | wazuzu the Merfolk Skald began the quest for the Orb.
     0 | D:1      | Reached XP level 1. HP: 16/16 MP: 3/3
   376 | D:1      | Reached skill level 4 in Polearms
   376 | D:1      | Reached XP level 2. HP: 17/22 MP: 5/5
  1308 | D:1      | Reached XP level 3. HP: 27/27 MP: 6/6
  1319 | D:1      | Reached skill level 5 in Polearms
  1735 | D:2      | Noticed Natasha
  1752 | D:2      | Killed Natasha
  1752 | D:2      | Reached skill level 6 in Polearms
  1752 | D:2      | Reached XP level 4. HP: 10/33 MP: 7/7
  2055 | D:2      | Noticed Natasha
  2063 | D:2      | Killed Natasha
  2182 | D:2      | Noticed Natasha
  2204 | D:2      | Killed Natasha
  2204 | D:2      | Reached skill level 7 in Polearms
  2391 | D:2      | Reached XP level 5. HP: 30/38 MP: 8/8
  2566 | D:2      | Found a runed door.
  2993 | D:2      | Noticed Crazy Yiuf
  3001 | D:2      | Slain by Crazy Yiuf

Vault maps used:
D:1:      tarquinn_simple_flora_water_a
D:2:      uniq_crazy_yiuf_cottage, uniq_natasha

Skill      XL: |  1  2  3  4 |
---------------+-------------+-----
Polearms       | 4 6 7 |  7.3
Fighting       | |  2.1
Armour         | |  0.6
Dodging        | |  1.3
Spellcasting   | |  2.0
Charms         | |  3.2

Action                   |  1- 3 |  4- 6 || total
-------------------------+-------+-------++-------
Melee: Spear             |   148 |    64 ||   212
  Use: Scroll            |     2 |     2 ||     4
 Stab: Distracted        |     1 |       ||     1
  Eat: Chunk             |     3 |     3 ||     6
Armor: Ring mail         |    31 |    16 ||    47
       Leather armour    |     2 |       ||     2
       Plate armour      |       |     1 ||     1
Dodge: Dodged            |    40 |    15 ||    55
